SAA
BETHESDA ATOMS @ CASPER GHOSTS
09/05/2026
 
TOP OF THE 1ST
Bethesda Atoms batting - Pitching for Casper Ghosts : RHP Jeremy de Vos
Pitching: RHP Jeremy de Vos
Batting: RHB Juan Camacho 0-0: Ball
1-0: Foul Ball, location: 2F
1-1: Called Strike
1-2: Ball
2-2: Strikes out swinging
Batting: RHB Jack Willis 0-0: Ball
1-0: Ball
2-0: SINGLE (Flyball, 8LS)
Batting: RHB Enrique Ibarra 0-0: Ball
1-0: Ball
2-0: Called Strike
2-1: Grounds into double play, 6-4-3 (Groundball, 6)
Top of the 1st over - 0 run(s), 1 hit(s), 0 error(s), 0 left on base; Bethesda 0 - Casper 0
BOTTOM OF THE 1ST
Casper Ghosts batting - Pitching for Bethesda Atoms : RHP Zach Rediker
Pitching: RHP Zach Rediker
Batting: RHB Mesa Altuve 0-0: Called Strike
0-1: Ball
1-1: Ball
2-1: Swinging Strike
2-2: Strikes out swinging
Batting: RHB Ricardo Cardenas 0-0: Called Strike
0-1: Called Strike
0-2: Ball
1-2: Ground out 5-3 (Groundball, 56)
Batting: RHB Vojtech Farkas 0-0: Ground out 6-3 (Groundball, 6)
Bottom of the 1st over - 0 run(s), 0 hit(s), 0 error(s), 0 left on base; Bethesda 0 - Casper 0
TOP OF THE 2ND
Bethesda Atoms batting - Pitching for Casper Ghosts : RHP Jeremy de Vos
Batting: RHB Leroy Rijerkerk 0-0: Called Strike
0-1: Ball
1-1: SINGLE (Groundball, 13S) (infield hit)
Batting: RHB Beau Murphy 0-0: Swinging Strike
0-1: Foul Ball, location: 2F
0-2: Ball
1-2: Ball
2-2: Ball
3-2: Fly out, F7 (Flyball, 7)
Batting: LHB Nelson Martínez 0-0: Fielders Choice at 2nd, 1-6 (Groundball, 13S)
Batting: RHB Enoch Reinhardt 0-0: Ball
1-0: Fly out, F3 (Popup, 3L)
Top of the 2nd over - 0 run(s), 1 hit(s), 0 error(s), 1 left on base; Bethesda 0 - Casper 0
BOTTOM OF THE 2ND
Casper Ghosts batting - Pitching for Bethesda Atoms : RHP Zach Rediker
Batting: RHB Manny Maltby 0-0: Ball
1-0: Ball
2-0: Called Strike
2-1: Foul Ball, location: 2F
2-2: Ball
3-2: Strikes out looking
Batting: SHB José Juárez 0-0: Ground out 4-3 (Groundball, 4MS)
Batting: RHB Bert Cook 0-0: SINGLE (Line Drive, 8LS)
Batting: RHB Mark Davis 0-0: Foul Ball, location: 2F
0-1: Ball
1-1: Ball
2-1: Foul Ball, location: 2F
2-2: Strikes out swinging
Bottom of the 2nd over - 0 run(s), 1 hit(s), 0 error(s), 1 left on base; Bethesda 0 - Casper 0
TOP OF THE 3RD
Bethesda Atoms batting - Pitching for Casper Ghosts : RHP Jeremy de Vos
Batting: RHB Marc Beck 0-0: Ball
1-0: Fly out, F9 (Flyball, 9S)
Batting: RHB Ernesto López 0-0: Foul Ball, location: 2F
0-1: Swinging Strike
0-2: Ground out 3-1 (Groundball, 34S)
Batting: RHB Juan Camacho 0-0: Ball
1-0: Reached on error, E5 (Groundball, 56)
Batting: RHB Jack Willis 0-0: Ball
1-0: Ball
2-0: DOUBLE (Line Drive, 78XD)
Juan Camacho to third
Runner from 3rd tries for Home, throw and OUT!
Top of the 3rd over - 0 run(s), 1 hit(s), 1 error(s), 1 left on base; Bethesda 0 - Casper 0
BOTTOM OF THE 3RD
Casper Ghosts batting - Pitching for Bethesda Atoms : RHP Zach Rediker
Batting: RHB Henry Appleby 0-0: Called Strike
0-1: Ball
1-1: Foul Ball, location: 2F
1-2: Ground out 5-3 (Groundball, 56)
Batting: RHB Ron Coffman 0-0: Ball
1-0: Foul Ball, location: 2F
1-1: Ball
2-1: SINGLE (Groundball, 4D)
Batting: RHB Mesa Altuve 0-0: Ball
1-0: Ball
2-0: Ball
3-0: Base on Balls
Ron Coffman to second
Batting: RHB Ricardo Cardenas 0-0: Fly out, F9 (Flyball, 9LMF)
Runner from 2nd tags up, SAFE at 3rd with throw
Batting: RHB Vojtech Farkas 0-0: Ball
1-0: Called Strike
1-1: Ball
2-1: Foul Ball, location: 2F
2-2: Strikes out swinging
Bottom of the 3rd over - 0 run(s), 1 hit(s), 0 error(s), 2 left on base; Bethesda 0 - Casper 0
TOP OF THE 4TH
Bethesda Atoms batting - Pitching for Casper Ghosts : RHP Jeremy de Vos
Batting: RHB Enrique Ibarra 0-0: Called Strike
0-1: Ground out 6-3 (Groundball, 6)
Batting: RHB Leroy Rijerkerk 0-0: Foul Ball, location: 2F
0-1: Foul Ball, location: 2F
0-2: Foul Ball, location: 2F
0-2: Foul Ball, location: 2F
0-2: Foul Ball, location: 2F
0-2: Ball
1-2: Ball
2-2: Ground out 6-3 (Groundball, 6M)
Batting: RHB Beau Murphy 0-0: Ball
1-0: Called Strike
1-1: Swinging Strike
1-2: Ball
2-2: Ball
3-2: SINGLE (Line Drive, 78M)
Batting: LHB Nelson Martínez 0-0: Ball
1-0: Ground out 6-3 (Groundball, 6M)
Top of the 4th over - 0 run(s), 1 hit(s), 0 error(s), 1 left on base; Bethesda 0 - Casper 0
BOTTOM OF THE 4TH
Casper Ghosts batting - Pitching for Bethesda Atoms : RHP Zach Rediker
Batting: RHB Manny Maltby 0-0: SINGLE (Flyball, 9LS)
Batting: SHB José Juárez 0-0: Ball
1-0: Ball
2-0: Ball
3-0: Called Strike
3-1: Grounds into double play, 4-6-3 (Groundball, 34)
Batting: RHB Bert Cook 0-0: Foul Ball, location: 2F
0-1: DOUBLE (Line Drive, 78M)
Batting: RHB Mark Davis 0-0: Ball
1-0: Foul Ball, location: 2F
1-1: Swinging Strike
1-2: Ball
2-2: Ball
3-2: Base on Balls
Batting: RHB Henry Appleby 0-0: Ball
1-0: Ball
2-0: Called Strike
2-1: SINGLE (Groundball, 56D)
Bert Cook to third
Mark Davis to second
Runner from 3rd tries for Home, SAFE, no throw
Batting: RHB Ron Coffman 0-0: Called Strike
0-1: Ball
1-1: Called Strike
1-2: Ball
2-2: Ball
3-2: Ground out 6-3 (Groundball, 6)
Bottom of the 4th over - 1 run(s), 3 hit(s), 0 error(s), 2 left on base; Bethesda 0 - Casper 1
TOP OF THE 5TH
Bethesda Atoms batting - Pitching for Casper Ghosts : RHP Jeremy de Vos
Batting: RHB Enoch Reinhardt 0-0: Ground out 5-3 (Groundball, 56S)
Batting: RHB Marc Beck 0-0: Called Strike
0-1: Foul Ball, location: 2F
0-2: Foul Ball, location: 2F
0-2: Foul Ball, location: 2F
0-2: Ball
1-2: Strikes out swinging
Batting: RHB Ernesto López 0-0: Called Strike
0-1: Foul Ball, location: 2F
0-2: Ball
1-2: Ball
2-2: Strikes out swinging
Top of the 5th over - 0 run(s), 0 hit(s), 0 error(s), 0 left on base; Bethesda 0 - Casper 1
BOTTOM OF THE 5TH
Casper Ghosts batting - Pitching for Bethesda Atoms : RHP Zach Rediker
Batting: RHB Mesa Altuve 0-0: Called Strike
0-1: Ball
1-1: Ball
2-1: Ground out 6-3 (Groundball, 6)
Batting: RHB Ricardo Cardenas 0-0: Ground out 6-3 (Groundball, 56)
Batting: RHB Vojtech Farkas 0-0: Ball
1-0: Foul Ball, location: 2F
1-1: Ball
2-1: Ground out 5-3 (Groundball, 56S)
Bottom of the 5th over - 0 run(s), 0 hit(s), 0 error(s), 0 left on base; Bethesda 0 - Casper 1
TOP OF THE 6TH
Bethesda Atoms batting - Pitching for Casper Ghosts : RHP Jeremy de Vos
Batting: RHB Juan Camacho 0-0: Ground out 6-3 (Groundball, 6)
Batting: RHB Jack Willis 0-0: Ball
1-0: Foul Ball, location: 2F
1-1: Foul Ball, location: 2F
1-2: Ground out 6-3 (Groundball, 6)
Batting: RHB Enrique Ibarra 0-0: Swinging Strike
0-1: Ball
1-1: Foul Ball, location: 2F
1-2: Foul Ball, location: 2F
1-2: Foul Ball, location: 2F
1-2: Foul Ball, location: 2F
1-2: Ball
2-2: Foul Ball, location: 2F
2-2: Ball
3-2: TRIPLE (Line Drive, 89M)
Batting: RHB Leroy Rijerkerk 0-0: Ball
1-0: Foul Ball, location: 2F
1-1: Foul Ball, location: 2F
1-2: Strikes out swinging
Top of the 6th over - 0 run(s), 1 hit(s), 0 error(s), 1 left on base; Bethesda 0 - Casper 1
BOTTOM OF THE 6TH
Casper Ghosts batting - Pitching for Bethesda Atoms : RHP Zach Rediker
Batting: RHB Manny Maltby 0-0: Swinging Strike
0-1: Ball
1-1: Ball
2-1: Foul Ball, location: 2F
2-2: SINGLE (Groundball, 4MD)
Pitching: RHP Robby McDonald
Batting: SHB José Juárez 0-0: Ball
1-0: Fly out, F1 (Line Drive, 13)
Batting: RHB Bert Cook 0-0: Foul Ball, location: 2F
0-1: Called Strike
0-2: Ball
1-2: Ground out 5-3 (Groundball, 5L)
Manny Maltby to second
Batting: RHB Mark Davis 0-0: Foul Ball, location: 2F
0-1: Ball
1-1: Foul Ball, location: 2F
1-2: Ball
2-2: Strikes out swinging
Bottom of the 6th over - 0 run(s), 1 hit(s), 0 error(s), 1 left on base; Bethesda 0 - Casper 1
TOP OF THE 7TH
Bethesda Atoms batting - Pitching for Casper Ghosts : RHP Jeremy de Vos
Batting: RHB Beau Murphy 0-0: Ball
1-0: Foul Ball, location: 2F
1-1: Ball
2-1: Foul Ball, location: 2F
2-2: Ball
3-2: Strikes out swinging
Batting: LHB Nelson Martínez 0-0: Foul Ball, location: 2F
0-1: Ball
1-1: Foul Ball, location: 2F
1-2: Strikes out swinging
Batting: RHB Enoch Reinhardt 0-0: Called Strike
0-1: SINGLE (Line Drive, 8LS)
Pinch Hitting: LHB Jim Unknown 0-0: Ball
1-0: Called Strike
1-1: Ground out U3 (Groundball, 3)
Top of the 7th over - 0 run(s), 1 hit(s), 0 error(s), 1 left on base; Bethesda 0 - Casper 1
BOTTOM OF THE 7TH
Casper Ghosts batting - Pitching for Bethesda Atoms : RHP Robby McDonald
Now in LF: Jim Unknown
Batting: RHB Henry Appleby 0-0: Called Strike
0-1: Ball
1-1: Foul Ball, location: 2F
1-2: Ball
2-2: Strikes out swinging
Batting: RHB Ron Coffman 0-0: Ball
1-0: Ball
2-0: Foul Ball, location: 2F
2-1: Swinging Strike
2-2: Foul Ball, location: 2F
2-2: Ball
3-2: Strikes out swinging
Batting: RHB Mesa Altuve 0-0: Ball
1-0: Fly out, F9 (Flyball, 9LM)
Bottom of the 7th over - 0 run(s), 0 hit(s), 0 error(s), 0 left on base; Bethesda 0 - Casper 1
TOP OF THE 8TH
Bethesda Atoms batting - Pitching for Casper Ghosts : RHP Jeremy de Vos
Batting: RHB Ernesto López 0-0: Called Strike
0-1: Foul Ball, location: 2F
0-2: Ball
1-2: Foul Ball, location: 2F
1-2: SINGLE (Line Drive, 6D)
Batting: RHB Juan Camacho 0-0: Sac Bunt - play at first, batter OUT! 1-4
Ernesto López to second
Pinch Hitting: RHB William Walls 0-0: Foul Ball, location: 2F
0-1: Foul Ball, location: 2F
0-2: Ball
1-2: Ball
2-2: Ground out 4-3 (Groundball, 4)
Ernesto López to third
Pitching: RHP Pompeyo Davalillo
Batting: RHB Enrique Ibarra 0-0: Fly out, F8 (Flyball, 8RM)
Top of the 8th over - 0 run(s), 1 hit(s), 0 error(s), 1 left on base; Bethesda 0 - Casper 1
BOTTOM OF THE 8TH
Casper Ghosts batting - Pitching for Bethesda Atoms : RHP Robby McDonald
Now in LF: William Walls
Batting: RHB Ricardo Cardenas 0-0: Called Strike
0-1: Ground out 5-3 (Groundball, 56)
Batting: RHB Vojtech Farkas 0-0: Called Strike
0-1: Reached on error, E8 (Flyball, 8LD)
Pinch Hitting: SHB Spencer Landes 0-0: Intentional Walk
Batting: SHB José Juárez 0-0: Ball
1-0: Ball
Vojtech Farkas steals 3rd base
Spencer Landes to second
2-0: Intentional Walk
Pinch Hitting: LHB Iemitsu Hatsutori 0-0: Ball
1-0: Ball
2-0: Called Strike
2-1: Foul Ball, location: 2F
2-2: Strikes out looking
Pinch Hitting: RHB Henry Lambright 0-0: Swinging Strike
0-1: DOUBLE (Groundball, 5L)
Vojtech Farkas scores
Spencer Landes scores
José Juárez to third
Batting: RHB Henry Appleby 0-0: Ball
1-0: Swinging Strike
1-1: Foul Ball, location: 2F
1-2: Ball
2-2: Ball
3-2: Fly out, F8 (Flyball, 8RS)
Bottom of the 8th over - 2 run(s), 1 hit(s), 1 error(s), 2 left on base; Bethesda 0 - Casper 3
TOP OF THE 9TH
Bethesda Atoms batting - Pitching for Casper Ghosts : RHP Pompeyo Davalillo
Now in LF: Kyle Mann
Now in CF: Tim Fowler
Now in RF: Alonso Rodríguez
Batting: RHB Leroy Rijerkerk 0-0: Ball
1-0: Ball
2-0: Fly out, F9 (Flyball, 9LS)
Batting: RHB Beau Murphy 0-0: Fly out, F9 (Flyball, 9S)
Batting: LHB Nelson Martínez 0-0: Called Strike
0-1: Ball
1-1: SINGLE (Line Drive, 34D)
Batting: RHB Enoch Reinhardt 0-0: Ball
1-0: Foul Ball, location: 2F
1-1: Ball
2-1: Ball
3-1: Swinging Strike
3-2: Strikes out swinging
Top of the 9th over - 0 run(s), 1 hit(s), 0 error(s), 1 left on base; Bethesda 0 - Casper 3
Monday, March 20th, 2017 - OOTP Baseball 17.12 Build 75